TOP OF THE 1ST |
Bowling Green Hot Rods batting - Pitching for Greenville Drive : RHP Su-wu Yang
|
Pitching: RHP Su-wu Yang
|
|
Batting: RHB Adam Turpin
|
0-0: Ball 1-0: Bunt missed! 1-1: DOUBLE (Flyball, 78XD, EV 109.4 MPH)
|
Batting: RHB Alex Zamora
|
0-0: Ball 1-0: SINGLE (Groundball, 6MD, EV 103.8 MPH) Adam Turpin to third
|
Batting: SHB Wayne Hattan
|
0-0: Ball 1-0: SINGLE (Line Drive, 6MD, EV 100.0 MPH) Adam Turpin scores Alex Zamora to second
|
Batting: LHB Mario Ocana
|
0-0: Ball 1-0: Ball 2-0: Ball 3-0: Called Strike 3-1: Base on Balls Alex Zamora to third Wayne Hattan to second
|
Batting: RHB Isaiah Easter
|
0-0: Ball 1-0: Ball 2-0: Ball 3-0: Base on Balls Alex Zamora scores Wayne Hattan to third Mario Ocana to second
|
Batting: LHB Sean Banks
|
0-0: Ball 1-0: Swinging Strike 1-1: Ball 2-1: Foul Ball, location: 2F 2-2: Foul Ball, location: 2F 2-2: Ball 3-2: Strikes out swinging
|
Batting: RHB Jason Penfield
|
0-0: Hit by Pitch Wayne Hattan scores Mario Ocana to third Isaiah Easter to second
|
Batting: RHB Jim Erdody
|
0-0: Ball 1-0: Called Strike 1-1: Ball 2-1: Foul Ball, location: 2F 2-2: Strikes out looking
|
Batting: LHB Rich Matthews
|
0-0: Ball 1-0: Called Strike 1-1: Called Strike 1-2: Foul Ball, location: 2F 1-2: Ground out U3 (Groundball, 3, EV 88.1 MPH)
|
Top of the 1st over - 3 runs, 3 hits, 0 errors, 3 left on base; Bowling Green 3 - Greenville 0 |
BOTTOM OF THE 1ST |
Greenville Drive batting - Pitching for Bowling Green Hot Rods : RHP Ryan Van Riper
|
Pitching: RHP Ryan Van Riper
|
|
Batting: RHB Tony Nunez
|
0-0: Ball 1-0: Ball 2-0: Ball 3-0: Called Strike 3-1: Foul Ball, location: 2F 3-2: DOUBLE (Flyball, 8LXD, EV 97.5 MPH)
|
Batting: RHB Jim Hubbard
|
0-0: Swinging Strike 0-1: Ball 1-1: Called Strike 1-2: Ball 2-2: Foul Ball, location: 2F 2-2: Strikes out swinging
|
Batting: LHB Carlos Guerra
|
0-0: Ball 1-0: Swinging Strike 1-1: DOUBLE (Flyball, 78XD, EV 96.9 MPH) Tony Nunez scores
|
Batting: LHB Danny Montoya
|
0-0: Foul Ball, location: 2F 0-1: Ball 1-1: Ground out U3 (Groundball, 34, EV 94.4 MPH) Carlos Guerra to third
|
Batting: SHB Robert Soto
|
0-0: Ball 1-0: Foul Ball, location: 2F 1-1: Foul Ball, location: 2F 1-2: Ball 2-2: Strikes out swinging
|
Bottom of the 1st over - 1 run, 2 hits, 0 errors, 1 left on base; Bowling Green 3 - Greenville 1 |
TOP OF THE 2ND |
Bowling Green Hot Rods batting - Pitching for Greenville Drive : RHP Su-wu Yang
|
Batting: RHB Adam Turpin
|
0-0: Ball 1-0: Ball 2-0: SINGLE (Line Drive, 8RS, EV 113.1 MPH)
|
Batting: RHB Alex Zamora
|
0-0: Ball 1-0: Ball Adam Turpin steals 2nd base (no throw) 2-0: Foul Ball, location: 2F 2-1: Foul Ball, location: 2F 2-2: Foul Ball, location: 2F 2-2: Foul Ball, location: 2F 2-2: Foul Ball, location: 2F 2-2: Ball 3-2: Foul Ball, location: 2F 3-2: Foul Ball, location: 2F 3-2: Foul Ball, location: 2F 3-2: Foul Ball, location: 2F 3-2: Foul Ball, location: 2F 3-2: SINGLE (Groundball, 56S, EV 71.9 MPH) (infield hit) Adam Turpin to third
|
Batting: SHB Wayne Hattan
|
0-0: Swinging Strike 0-1: Ball 1-1: Fly out, F7 (Flyball, 78D, EV 100.6 MPH) Runner from 3rd tags up, SCORES, throw by LF
|
Batting: LHB Mario Ocana
|
0-0: Ball 1-0: Called Strike 1-1: Called Strike 1-2: Grounds into double play, 4-6-3 (Groundball, 4, EV 103.8 MPH)
|
Top of the 2nd over - 1 run, 2 hits, 0 errors, 0 left on base; Bowling Green 4 - Greenville 1 |
BOTTOM OF THE 2ND |
Greenville Drive batting - Pitching for Bowling Green Hot Rods : RHP Ryan Van Riper
|
Batting: RHB Alex Cardenas
|
0-0: Fly out, F9 (Flyball, 9LSF, EV 88.1 MPH)
|
Batting: LHB John Buff
|
0-0: Ball 1-0: SINGLE (Groundball, 6S, EV 71.9 MPH) (infield hit)
|
Batting: RHB Ted Emmerich
|
0-0: Called Strike 0-1: Foul Ball, location: 2F 0-2: Ball 1-2: Ball 2-2: Fielders Choice at 2nd, 6-4 (Groundball, 6, EV 95.0 MPH)
|
Batting: RHB Roger Mitchell
|
0-0: Called Strike 0-1: Ball 1-1: Ball 2-1: Ball 3-1: Foul Ball, location: 2F 3-2: Base on Balls Ted Emmerich to second
|
Batting: RHB Tony Nunez
|
0-0: Fly out, F9 (Flyball, 9LD, EV 92.5 MPH)
|
Bottom of the 2nd over - 0 runs, 1 hit, 0 errors, 2 left on base; Bowling Green 4 - Greenville 1 |
TOP OF THE 3RD |
Bowling Green Hot Rods batting - Pitching for Greenville Drive : RHP Su-wu Yang
|
Batting: RHB Isaiah Easter
|
0-0: Foul Ball, location: 2F 0-1: Foul Ball, location: 2F 0-2: Ball 1-2: Foul Ball, location: 2F 1-2: Ground out 5-3 (Groundball, 56S, EV 84.4 MPH)
|
Batting: LHB Sean Banks
|
0-0: Swinging Strike 0-1: Hit by Pitch
|
Batting: RHB Jason Penfield
|
0-0: Swinging Strike 0-1: Ground out 5-3 (Groundball, 56S, EV 65.0 MPH) Sean Banks to second
|
Batting: RHB Jim Erdody
|
0-0: Ball 1-0: Foul Ball, location: 2F 1-1: Foul Ball, location: 2F 1-2: Strikes out swinging
|
Top of the 3rd over - 0 runs, 0 hits, 0 errors, 1 left on base; Bowling Green 4 - Greenville 1 |
BOTTOM OF THE 3RD |
Greenville Drive batting - Pitching for Bowling Green Hot Rods : RHP Ryan Van Riper
|
Batting: RHB Jim Hubbard
|
0-0: Ball 1-0: Ball 2-0: Ball 3-0: Called Strike 3-1: SINGLE (Groundball, 25, EV 66.2 MPH) (infield hit)
|
Batting: LHB Carlos Guerra
|
0-0: Ball 1-0: Ball 2-0: Grounds into double play, 4-6-3 (Groundball, 4, EV 96.9 MPH)
|
Batting: LHB Danny Montoya
|
0-0: Ground out U3 (Groundball, 3L, EV 105.6 MPH)
|
Bottom of the 3rd over - 0 runs, 1 hit, 0 errors, 0 left on base; Bowling Green 4 - Greenville 1 |
TOP OF THE 4TH |
Bowling Green Hot Rods batting - Pitching for Greenville Drive : RHP Su-wu Yang
|
Batting: LHB Rich Matthews
|
0-0: Ball 1-0: Ball 2-0: Ball 3-0: Called Strike 3-1: Foul Ball, location: 2F 3-2: Base on Balls
|
Batting: RHB Adam Turpin
|
0-0: Ball 1-0: Ball 2-0: Called Strike 2-1: SINGLE (Groundball, 6, EV 98.1 MPH) Rich Matthews to second
|
Batting: RHB Alex Zamora
|
0-0: Ball 1-0: Ball 2-0: Called Strike 2-1: Called Strike 2-2: Ball 3-2: Grounds into double play, 5-4-3 (Groundball, 56, EV 85.6 MPH) Rich Matthews to third
|
Batting: SHB Wayne Hattan
|
0-0: SINGLE (Groundball, 34D, EV 105.0 MPH) Rich Matthews scores
|
Pitching: RHP Victor Escobar
|
|
Batting: LHB Mario Ocana
|
0-0: Foul Ball, location: 2F 0-1: Called Strike 0-2: Strikes out looking
|
Top of the 4th over - 1 run, 2 hits, 0 errors, 1 left on base; Bowling Green 5 - Greenville 1 |
BOTTOM OF THE 4TH |
Greenville Drive batting - Pitching for Bowling Green Hot Rods : RHP Ryan Van Riper
|
Batting: SHB Robert Soto
|
0-0: Ball 1-0: Foul Ball, location: 2F 1-1: Called Strike 1-2: Ball 2-2: Strikes out swinging
|
Batting: RHB Alex Cardenas
|
0-0: Ball 1-0: Foul Ball, location: 2F 1-1: DOUBLE (Line Drive, 78XD, EV 107.5 MPH)
|
Batting: LHB John Buff
|
0-0: Ball 1-0: DOUBLE (Groundball, 3L, EV 106.2 MPH) Alex Cardenas scores
|
Batting: RHB Ted Emmerich
|
0-0: Ball 1-0: Ground out 6-3 (Groundball, 6S, EV 71.2 MPH) John Buff to third
|
Batting: RHB Roger Mitchell
|
0-0: Ground out 4-3 (Groundball, 4S, EV 82.5 MPH)
|
Bottom of the 4th over - 1 run, 2 hits, 0 errors, 1 left on base; Bowling Green 5 - Greenville 2 |
TOP OF THE 5TH |
Bowling Green Hot Rods batting - Pitching for Greenville Drive : RHP Victor Escobar
|
Batting: RHB Isaiah Easter
|
0-0: SOLO HOME RUN (Flyball, 7D, EV 102.5 MPH), Distance : 403 ft
|
Batting: LHB Sean Banks
|
0-0: Called Strike 0-1: Ground out 4-3 (Groundball, 34D, EV 102.5 MPH)
|
Batting: RHB Jason Penfield
|
0-0: Ball 1-0: Ball 2-0: Called Strike 2-1: Foul Ball, location: 2F 2-2: Strikes out swinging
|
Batting: RHB Jim Erdody
|
0-0: DOUBLE (Groundball, 3L, EV 101.2 MPH)
|
Batting: LHB Rich Matthews
|
0-0: Ball 1-0: Called Strike 1-1: Ball 2-1: Called Strike 2-2: Foul Ball, location: 2F 2-2: Foul Ball, location: 2F 2-2: Strikes out looking
|
Top of the 5th over - 1 run, 2 hits, 0 errors, 1 left on base; Bowling Green 6 - Greenville 2 |
BOTTOM OF THE 5TH |
Greenville Drive batting - Pitching for Bowling Green Hot Rods : RHP Ryan Van Riper
|
Batting: RHB Tony Nunez
|
0-0: Ball 1-0: Ball 2-0: Called Strike 2-1: Foul Ball, location: 2F 2-2: SINGLE (Flyball, 7S, EV 90.0 MPH)
|
Batting: RHB Jim Hubbard
|
0-0: Called Strike 0-1: SINGLE (Line Drive, 6MD, EV 94.4 MPH) Tony Nunez to second Runner from 2nd tries for 3rd, SAFE, throw by CF made to third
|
Batting: LHB Carlos Guerra
|
0-0: Ball 1-0: SINGLE (Line Drive, 78S, EV 88.1 MPH) Tony Nunez scores Jim Hubbard to second
|
Batting: LHB Danny Montoya
|
0-0: Ball 1-0: Fielders Choice at 2nd, 1-4 (Groundball, 15, EV 66.2 MPH) Jim Hubbard to third
|
Batting: SHB Robert Soto
|
0-0: DOUBLE (Flyball, 8RXD, EV 114.4 MPH) Jim Hubbard scores Danny Montoya to third
|
Batting: RHB Alex Cardenas
|
0-0: Ball 1-0: Ball Passed Ball! Danny Montoya scores Robert Soto to third 2-0: Swinging Strike 2-1: Foul Ball, location: 2F 2-2: Foul Ball, location: 2F 2-2: Foul Ball, location: 2F 2-2: Ground out 1-3 (Groundball, 34S, EV 65.6 MPH)
|
Pitching: RHP Kingo Tsutsumi
|
|
Batting: LHB John Buff
|
0-0: Foul Ball, location: 2F 0-1: Ball 1-1: Foul Ball, location: 2F 1-2: Foul Ball, location: 2F 1-2: Foul Ball, location: 2F 1-2: Ball 2-2: SINGLE (Groundball, 25, EV 66.2 MPH) (infield hit) Robert Soto scores
|
Batting: RHB Ted Emmerich
|
0-0: Called Strike 0-1: DOUBLE (Line Drive, 9LS, EV 99.4 MPH) John Buff to third Runner from 3rd tries for Home, SAFE, throw by RF to home
|
Batting: RHB Roger Mitchell
|
0-0: Ball 1-0: Ball 2-0: Called Strike 2-1: Ground out 5-3 (Groundball, 56, EV 94.4 MPH)
|
Bottom of the 5th over - 5 runs, 6 hits, 0 errors, 1 left on base; Bowling Green 6 - Greenville 7 |
TOP OF THE 6TH |
Bowling Green Hot Rods batting - Pitching for Greenville Drive : RHP Victor Escobar
|
Batting: RHB Adam Turpin
|
0-0: Ball 1-0: Called Strike 1-1: Ball 2-1: Ball 3-1: Base on Balls
|
Batting: RHB Alex Zamora
|
0-0: Called Strike 0-1: Ball 1-1: Foul Ball, location: 2F 1-2: Foul Ball, location: 2F 1-2: Strikes out swinging
|
Pitching: RHP Paul Carter
|
|
Batting: SHB Wayne Hattan
|
0-0: Ball 1-0: Called Strike 1-1: Ball 2-1: Called Strike 2-2: Strikes out swinging
|
Batting: LHB Mario Ocana
|
0-0: Ball Adam Turpin is caught stealing 2nd base 2-6
|
Top of the 6th over - 0 runs, 0 hits, 0 errors, 0 left on base; Bowling Green 6 - Greenville 7 |
BOTTOM OF THE 6TH |
Greenville Drive batting - Pitching for Bowling Green Hot Rods : RHP Kingo Tsutsumi
|
Batting: RHB Tony Nunez
|
0-0: Swinging Strike 0-1: Called Strike 0-2: Strikes out swinging
|
Batting: RHB Jim Hubbard
|
0-0: Ball 1-0: Foul Ball, location: 2F 1-1: Foul Ball, location: 2F 1-2: Ball 2-2: Strikes out looking
|
Batting: LHB Carlos Guerra
|
0-0: Ball 1-0: Ball 2-0: Called Strike 2-1: Fly out, F9 (Flyball, 89D, EV 91.2 MPH)
|
Bottom of the 6th over - 0 runs, 0 hits, 0 errors, 0 left on base; Bowling Green 6 - Greenville 7 |
TOP OF THE 7TH |
Bowling Green Hot Rods batting - Pitching for Greenville Drive : RHP Paul Carter
|
Batting: LHB Mario Ocana
|
0-0: Ball 1-0: Called Strike 1-1: SINGLE (Groundball, 3S, EV 71.2 MPH) (infield hit)
|
Batting: RHB Isaiah Easter
|
0-0: Called Strike 0-1: Ball 1-1: Swinging Strike 1-2: Ball 2-2: Fly out, F8 (Flyball, 89D, EV 98.1 MPH)
|
Batting: LHB Sean Banks
|
0-0: Ball 1-0: Ball 2-0: Swinging Strike 2-1: Foul Ball, location: 2F 2-2: Foul Ball, location: 2F 2-2: Strikes out swinging
|
Batting: RHB Jason Penfield
|
0-0: Ball 1-0: Ball Mario Ocana steals 2nd base 2-0: Foul Ball, location: 2F 2-1: Fly out, F9 (Line Drive, 89M, EV 96.2 MPH)
|
Top of the 7th over - 0 runs, 1 hit, 0 errors, 1 left on base; Bowling Green 6 - Greenville 7 |
BOTTOM OF THE 7TH |
Greenville Drive batting - Pitching for Bowling Green Hot Rods : RHP Kingo Tsutsumi
|
Pitching: RHP Josh Heath
|
|
Batting: LHB Danny Montoya
|
0-0: Ball 1-0: Ball 2-0: Ball 3-0: Ground out U3 (Groundball, 3S, EV 70.6 MPH)
|
Batting: SHB Robert Soto
|
0-0: Called Strike 0-1: SINGLE (Line Drive, 9S, EV 96.9 MPH)
|
Batting: RHB Alex Cardenas
|
0-0: Ball 1-0: Called Strike 1-1: Swinging Strike 1-2: Ball 2-2: SINGLE (Line Drive, 78S, EV 98.8 MPH) Robert Soto to second
|
Batting: LHB John Buff
|
0-0: Ball 1-0: Called Strike 1-1: Swinging Strike 1-2: Foul Ball, location: 2F 1-2: Ball 2-2: Strikes out swinging
|
Batting: RHB Ted Emmerich
|
0-0: Called Strike 0-1: Ball 1-1: Ball 2-1: SINGLE (Line Drive, 78S, EV 95.0 MPH) Robert Soto to third Alex Cardenas to second Runner from 3rd tries for Home, SAFE, throw by LF to home
|
Batting: RHB Roger Mitchell
|
0-0: Swinging Strike 0-1: Foul Ball, location: 2F 0-2: Strikes out looking
|
Bottom of the 7th over - 1 run, 3 hits, 0 errors, 2 left on base; Bowling Green 6 - Greenville 8 |
TOP OF THE 8TH |
Bowling Green Hot Rods batting - Pitching for Greenville Drive : RHP Paul Carter
|
Pitching: RHP Ross Ratcliffe
|
|
Now at 2B: Bobby Schimke
|
|
Now at 3B: Roger Mitchell
|
|
Batting: RHB Jim Erdody
|
0-0: Swinging Strike 0-1: Foul Ball, location: 2F 0-2: Ball 1-2: Ball 2-2: Strikes out swinging
|
Batting: LHB Rich Matthews
|
0-0: Ball 1-0: Called Strike 1-1: Ground out 4-3 (Groundball, 4, EV 85.0 MPH)
|
Batting: RHB Adam Turpin
|
0-0: Called Strike 0-1: Called Strike 0-2: Strikes out looking
|
Top of the 8th over - 0 runs, 0 hits, 0 errors, 0 left on base; Bowling Green 6 - Greenville 8 |
BOTTOM OF THE 8TH |
Greenville Drive batting - Pitching for Bowling Green Hot Rods : RHP Josh Heath
|
Batting: RHB Tony Nunez
|
0-0: Ball 1-0: Foul Ball, location: 2F 1-1: SOLO HOME RUN (Line Drive, 7D, EV 115.6 MPH), Distance : 439 ft
|
Batting: RHB Jim Hubbard
|
0-0: Swinging Strike 0-1: Foul Ball, location: 2F 0-2: Strikes out swinging
|
Batting: LHB Carlos Guerra
|
0-0: Ball 1-0: Called Strike 1-1: Foul Ball, location: 2F 1-2: Strikes out swinging
|
Batting: LHB Danny Montoya
|
0-0: Ball 1-0: Called Strike 1-1: Called Strike 1-2: Ball 2-2: Ball 3-2: Ground out U3 (Groundball, 3, EV 82.5 MPH)
|
Bottom of the 8th over - 1 run, 1 hit, 0 errors, 0 left on base; Bowling Green 6 - Greenville 9 |
TOP OF THE 9TH |
Bowling Green Hot Rods batting - Pitching for Greenville Drive : RHP Ross Ratcliffe
|
Pitching: LHP Jason Salzer
|
|
Batting: RHB Alex Zamora
|
0-0: Fly out, F7 (Flyball, 7D, EV 98.8 MPH)
|
Batting: SHB Wayne Hattan
|
0-0: Called Strike 0-1: Ball 1-1: Foul Ball, location: 2F 1-2: Strikes out swinging
|
Batting: LHB Mario Ocana
|
0-0: Ball 1-0: Foul Ball, location: 2F 1-1: Ball 2-1: Swinging Strike 2-2: Ball 3-2: SINGLE (Flyball, 5D, EV 84.4 MPH)
|
Batting: RHB Isaiah Easter
|
0-0: Ball 1-0: Called Strike 1-1: Ball 2-1: Ball 3-1: Called Strike 3-2: Strikes out swinging
|
Top of the 9th over - 0 runs, 1 hit, 0 errors, 1 left on base; Bowling Green 6 - Greenville 9 |
|